 Dungeon Crawl Stone Soup version 0.21.1-1-g345015f (webtiles) character file.

25407 Mgcat the Blocker (level 13, -11/133 HPs)
             Began as a Gnoll Fighter on Feb 7, 2018.
             Was an Elder of Ashenzari.
             Mangled by Rupert
             ... wielding a +6 executioner's axe of freezing
              (48 damage)
             ... while paralysed by Rupert
             ... on level 3 of the Lair of Beasts.
             The game lasted 00:55:32 (16420 turns).

Mgcat the Blocker (Gnoll Fighter)                  Turns: 16420, Time: 00:55:33

Health: -11/133    AC: 15    Str: 29    XL:     13   Next: 19%
Magic:  17/24      EV:  2    Int: 17    God:    Ashenzari [****..]
Gold:   63         SH:  0    Dex: 16    Spells: 21/27 levels left

rFire    . . .     SeeInvis +   d - +0 whip (flame) (curse)
rCold    . . .     Gourm    .   c - +1 shield (curse)
rNeg     + . .     Faith    .   b - +0 scale mail (curse)
rPois    +         Spirit   .   z - +2 hat {SInv} (curse)
rElec    +         Reflect  .   x - +0 cloak
rCorr    .         Harm     .   E - +1 pair of gloves
MR       .....     Clarity  +   M - +2 pair of boots
Stlth    +++.......             K - amulet of regeneration (curse) {+regen, !d}
HPRegen  0.72/turn              g - ring of wizardry {Wiz+, !d}
MPRegen  0.19/turn              l - ring "Paheokic" {rPois rN+ Str+6} (curse)

@: paralysed, mighty, very slightly contaminated
A: distributed training, fangs 1, clever 1, deformed body, robust 3, electricity
resistance, evolution 2, strong nose
a: Curse Item, Scrying, Renounce Religion


You were on level 3 of the Lair of Beasts.
You worshipped Ashenzari.
Ashenzari was greatly pleased with you.
You were not hungry.

You visited 4 branches of the dungeon, and saw 15 of its levels.
You also visited: Sewer.

You collected 949 gold pieces.
You spent 886 gold pieces at shops.

Inventory:

Hand Weapons
 a - a +0 flail
 d - a cursed +0 whip of flaming (weapon)
   (You took it off a gnoll on level 4 of the Dungeon)
 k - a +3 long sword of slicing
   (You took it off Urug on level 2 of the Lair of Beasts)
 u - a -3 whip
   (You took it off a kobold on level 3 of the Dungeon)
 N - a +0 whip of electrocution
   (You took it off Pikel on level 7 of the Dungeon)
Missiles
 h - 15 tomahawks (quivered)
 C - 3 throwing nets {=f, !d}
Armour
 b - a cursed +0 scale mail (worn)
 c - a cursed +1 shield (worn)
 x - a +0 cloak (worn)
   (You took it off Crazy Yiuf on level 4 of the Dungeon)
 z - a cursed +2 hat of see invisible (worn)
   (You took it off Gastronok on level 10 of the Dungeon)
 A - a +0 ring mail of magic resistance
   (You took it off Ijyb on level 5 of the Dungeon)
 E - a +1 pair of gloves (worn)
   (You found it on level 5 of the Dungeon)
 J - the +5 ring mail "Ajos" {rC- Dex+6}
   (You found it on level 6 of the Dungeon)

   It affects your dexterity (+6).
   It makes you vulnerable to cold.
 M - a +2 pair of boots (worn)
   (You found it on level 8 of the Dungeon)
Magical Staves
 Q - an uncursed staff of power {MP+17, !a}
   (You took it off an orc on level 10 of the Dungeon)
Jewellery
 g - a ring of wizardry (left hand) {Wiz+, !d}
   (You found it on level 3 of the Dungeon)
 l - the cursed ring "Paheokic" (right hand) {rPois rN+ Str+6}
   (You bought it in a shop on level 8 of the Dungeon)

   [ring of strength]

   It affects your strength (+6).
   It protects you from poison.
   It protects you from negative energy.
   It has a curse placed upon it.
 D - a +3 ring of dexterity
   (You found it on level 5 of the Dungeon)
 K - a cursed amulet of regeneration (around neck) {+regen, !d}
   (You found it on level 7 of the Dungeon)
 T - an uncursed amulet of magic regeneration
   (You found it on level 1 of the Lair of Beasts)
Wands
 e - a wand of polymorph (10)
   (You found it on level 4 of the Dungeon)
 m - a wand of digging (29)
   (You found it on level 5 of the Dungeon)
 s - a wand of iceblast (13)
   (You found it on level 3 of the Dungeon)
 y - a wand of disintegration (39)
   (You found it on level 5 of the Dungeon)
 O - a wand of scattershot (5)
   (You found it on level 8 of the Dungeon)
 R - a wand of random effects (41)
   (You found it on level 1 of the Lair of Beasts)
Scrolls
 i - 18 scrolls of identify
 n - 2 scrolls of amnesia
 w - 2 scrolls of teleportation
 H - 3 scrolls of fear
 P - 2 scrolls of remove curse
 S - 2 scrolls of magic mapping {!r}
 V - a scroll of blinking {!r}
Potions
 j - a potion of mutation {!q}
 o - a potion of agility {unknown}
 p - 4 potions of heal wounds {unknown}
 r - a potion of berserk rage {unknown}
 t - 2 potions of brilliance {unknown}
 v - 2 potions of lignification {unknown}
 B - 3 potions of flight {unknown}
 F - 2 potions of curing
 G - 2 potions of degeneration {unknown}
 I - a potion of resistance {unknown}
 L - a potion of ambrosia {unknown}
 U - a potion of invisibility {unknown}
Books
 q - a book of Maledictions
   (You found it on level 2 of the Dungeon)
Comestibles
 f - 33 rations
 X - 6 chunks of flesh {@w0}


   Skills:
 + Level 10.2 Fighting
 + Level 7.9 Short Blades
 + Level 7.9 Long Blades
 + Level 7.9 Axes
 + Level 9.2(12.5) Maces & Flails
 + Level 7.9 Polearms
 + Level 7.9 Staves
 + Level 7.9 Slings
 + Level 7.9 Bows
 + Level 7.9 Crossbows
 + Level 7.9 Throwing
 + Level 10.2 Armour
 + Level 7.9 Dodging
 + Level 7.9 Stealth
 + Level 10.2(12.3) Shields
 + Level 7.9 Unarmed Combat
 + Level 7.9 Spellcasting
 + Level 6.6(9.0) Conjurations
 + Level 6.6(9.0) Hexes
 + Level 6.6(9.0) Charms
 + Level 6.6(9.0) Summonings
 + Level 6.6(9.0) Necromancy
 + Level 6.6(9.0) Translocations
 + Level 6.6(9.0) Transmutations
 + Level 6.6(9.0) Fire Magic
 + Level 6.6(9.0) Ice Magic
 + Level 6.6(9.0) Air Magic
 + Level 6.6(9.0) Earth Magic
 + Level 6.6(9.0) Poison Magic
 + Level 8.7 Invocations
 + Level 7.9(10.2) Evocations


You had 21 spell levels left.
You knew the following spells:

 Your Spells              Type           Power        Failure   Level  Hunger
a - Corona                Hex            #####..      1%          1    None
b - Ensorcelled Hibernat  Hex/Ice        #####.       1%          2    None
c - Dazzling Spray        Conj/Hex       #####.       1%          3    #......


Dungeon Overview and Level Annotations

Branches:
Dungeon (10/15)            Temple (1/1) D:4            Lair (3/6) D:10
 Shoals (0/4) Lair:3       Spider (0/4) Lair:2          Orc (1/2) D:10

Altars:
Ashenzari
Cheibriados
Dithmenos
Elyvilon
Fedhas
Gozag
Hepliaklqana
Kikubaaqudgha
Makhleb
Nemelex Xobeh
Okawaru
Qazlal
Ru
Sif Muna
Trog
Uskayaw
Vehumet
Wu Jian
Xom
Yredelemnul
Zin
The Shining One

Shops:
D:5 (   D:8 =   D:10 *

Annotations:
Lair:3 Rupert


Innate Abilities, Weirdness & Mutations

Your experience applies equally to all skills.
You have very sharp teeth.
Your uncanny sense of smell can sniff out nearby items.
Your mind is acute. (Int +2)
Armour fits poorly on your strangely shaped body.
You are extremely robust. (+30% HP)
You are resistant to electric shocks. (rElec)
You rapidly evolve.


Message History

You kill the crocodile!
You butcher the crocodile corpse.
X - 11 chunks of flesh {@w0} (gained 5)
You see here a crocodile skeleton. x2
f - 31 rations (gained 1)
f - 32 rations (gained 1)
Found a stone staircase leading down.
f - 33 rations (gained 1)
i - 17 scrolls of identify (gained 1)
Found an escape hatch in the ceiling.
i - 18 scrolls of identify (gained 1) Some of the chunks of flesh in your inventory have rotted away.
Rupert the Wild comes into view.
Ashenzari warns you: He is wielding an executioner's axe of freezing.
Rupert is nearby!
Casting: Corona
Confirm with . or Enter, or press ? or * to list all spells.
Aiming: Corona
Press: ? - help, Shift-Dir - straight line, f - Rupert
Aim: Rupert, wielding an executioner's axe of freezing and wearing a chain mail (hasn't noticed you, chance to defeat MR: 12%) Rupert shouts!
Rupert resists with almost no effort.
Casting: Corona
Confirm with . or Enter, or press ? or * to list all spells.
Aiming: Dazzling Spray
Press: ? - help, Shift-Dir - straight line, f/p - Rupert
Aim: Rupert, wielding an executioner's axe of freezing and wearing a chain mail The spray of energy hits Rupert.
Rupert is lightly wounded.
Rupert is dazzled.
Casting: Dazzling Spray
Confirm with . or Enter, or press ? or * to list all spells.
Aiming: Corona
Press: ? - help, Shift-Dir - straight line, f/p - Rupert
Aim: Rupert, wielding an executioner's axe of freezing and wearing a chain mail (lightly wounded, blind, chance to defeat MR: 12%) Rupert resists with almost no effort.
Unknown command.
Casting: Corona
Confirm with . or Enter, or press ? or * to list all spells.
Aiming: Ensorcelled Hibernation
Press: ? - help, Shift-Dir - straight line, f/p - Rupert
Aim: Rupert, wielding an executioner's axe of freezing and wearing a chain mail (lightly wounded, blind, chance to defeat MR: 7%) Rupert resists with almost no effort.
Casting: Ensorcelled Hibernation
Confirm with . or Enter, or press ? or * to list all spells.
Aiming: Ensorcelled Hibernation
Press: ? - help, Shift-Dir - straight line, f/p - Rupert
Aim: Rupert, wielding an executioner's axe of freezing and wearing a chain mail (lightly wounded, blind, chance to defeat MR: 7%)
You miscast Ensorcelled Hibernation.
You are very lightly contaminated with residual magic.
Nothing appears to happen.
You hit Rupert. You burn Rupert.
Rupert is lightly wounded.
Rupert barely misses you.
You feel very mighty all of a sudden.
Rupert is no longer blind.
A komodo dragon comes into view.
You barely miss Rupert.
The komodo dragon hisses angrily.
You bite Rupert!
Rupert is lightly wounded.
Rupert yells loudly at you.
You feel momentarily confused.
You barely miss Rupert. You bite Rupert!
Rupert is lightly wounded.
You closely miss Rupert.
Rupert is lightly wounded.
Rupert hits you with an executioner's axe of freezing!
Rupert freezes you.
You closely miss Rupert.
Rupert is lightly wounded.
You whack Rupert! You burn Rupert.
Rupert is moderately wounded.
You hit Rupert but do no damage.
Rupert is moderately wounded.
Rupert hits you with an executioner's axe of freezing!
Rupert freezes you.
Casting: Ensorcelled Hibernation
Confirm with . or Enter, or press ? or * to list all spells.
Aiming: Corona
Press: ? - help, Shift-Dir - straight line, f/p - Rupert
Aim: Rupert, wielding an executioner's axe of freezing and wearing a chain mail (moderately wounded, chance to defeat MR: 12%) Rupert resists with almost no effort.
You hit Rupert. You burn Rupert. You bite Rupert.
Rupert is moderately wounded.
Rupert roars wildly at you.
You suddenly lose the ability to move!
Rupert screams, "Hurray!"
Rupert hits you with an executioner's axe of freezing!
Rupert freezes you. Rupert roars wildly at you.
You struggle to resist.
The komodo dragon bites you! The komodo dragon bites you!
Rupert roars madly and goes into a rage!
Rupert goes berserk!
Rupert hits you with an executioner's axe of freezing!
Rupert freezes you! The komodo dragon bites you!!
* * * LOW HITPOINT WARNING * * *
Rupert hits you with an executioner's axe of freezing!!!
You die...

..#### #.................
** .## #####......P........
* .# ##.###....#.#.......#*
.## ##...................#
..# #..#...#####........#*
** ..####.#..## ###......#
* ,
#...##...#.#.###.#......# *
,
.#....>.####..............
** ##.....##
#.#..@@.........,**
#......####...l..........,
#........#...?...........
##........#........!......
#P...P...P#...............
*
#...P....................P
**
..................b.....P,,
........................ ,
###....................*
***


You could see Rupert (berserk) and a komodo dragon.

Vanquished Creatures
  Gastronok (D:10)
  Urug (Lair:2)
  Pikel (D:7)
  An ugly thing (D:10)
  An orb spider (Lair:2)
  2 elephants
  The ghost of Ratty the Fighter, a novice CeMo (D:5)
  A manticore (Lair:3)
  A black mamba (Lair:2)
  3 spiny frogs
  A kobold demonologist (D:8)
  2 komodo dragons (Lair:2)
  A troll (D:9)
  Prince Ribbit (D:7)
  Grinder (D:3)
  7 blink frogs (Lair:3)
  6 hippogriffs
  7 dream sheep (Lair:2)
  Sigmund (D:2)
  2 hungry ghosts (D:10)
  25 yaks
  A basilisk (Lair:3)
  Menkaure (D:7)
  3 wargs (D:10)
  5 water moccasins
  3 slaves (D:7)
  13 porcupines
  3 sky beasts
  6 orc warriors
  3 black bears
  3 ice beasts
  5 phantoms
  A necrophage (D:7)
  9 ogres
  5 wolves (Lair:2)
  3 centaurs
  5 crocodiles
  8 bullfrogs
  16 big kobolds
  A wyvern zombie (D:10)
  3 scorpions
  5 killer bees (D:8)
  3 wights
  3 howler monkeys
  6 crimson imps
  A quasit (D:7)
  A centaur zombie (D:8)
  2 bullfrog zombies (D:5)
  A gnoll shaman (D:4)
  9 orc priests
  3 jellies (D:8)
  A centaur skeleton (D:5)
  Crazy Yiuf (D:4)
  A bullfrog skeleton (D:6)
  9 hounds
  Ijyb (D:5)
  4 iguanas
  13 orc wizards
  8 worker ants
  A hound zombie (D:7)
  A mummy (D:4)
  Robin (D:4)
  18 gnolls
  3 river rats (Sewer)
  11 adders
  2 shadow imps
  7 oozes
  2 adder skeletons
  4 worms
  3 dart slugs
  5 leopard geckos
  60 orcs
  9 giant cockroaches
  9 goblins
  9 hobgoblins
  7 jackals
  29 kobolds
  4 quokkas
  2 ball pythons
  7 bats
  2 frilled lizards
  2 kobold zombies (D:4)
  13 rats
447 creatures vanquished.

Vanquished Creatures (others)
  8 fungi
  A plant (Lair:2)
9 creatures vanquished.

Grand Total: 456 creatures vanquished

Notes
Turn   | Place    | Note
-------+----------+-------------------------------------------
     0 | D:1      | Mgcat the Gnoll Fighter began the quest for the Orb.
     0 | D:1      | Reached XP level 1. HP: 23/23 MP: 1/1
    76 | D:1      | Reached XP level 2. HP: 29/29 MP: 2/2
   688 | D:1      | Reached XP level 3. HP: 35/35 MP: 3/3
   895 | D:2      | Found a sacrificial altar of Ru.
  1041 | D:2      | Found a deep blue altar of Sif Muna.
  1385 | D:2      | Learned a level 1 spell: Corona
  1479 | D:2      | Reached skill level 1 in Invocations
  1503 | D:2      | Noticed Sigmund
  1520 | D:2      | HP: 6/35 [something (11)]
  1521 | D:2      | Killed Sigmund
  1521 | D:2      | Reached skill level 1 in Short Blades
  1521 | D:2      | Reached skill level 1 in Long Blades
  1521 | D:2      | Reached skill level 1 in Axes
  1521 | D:2      | Reached skill level 1 in Polearms
  1521 | D:2      | Reached skill level 1 in Staves
  1521 | D:2      | Reached skill level 1 in Slings
  1521 | D:2      | Reached skill level 1 in Bows
  1521 | D:2      | Reached skill level 1 in Crossbows
  1521 | D:2      | Reached skill level 1 in Throwing
  1521 | D:2      | Reached skill level 1 in Dodging
  1521 | D:2      | Reached skill level 1 in Stealth
  1521 | D:2      | Reached skill level 1 in Unarmed Combat
  1521 | D:2      | Reached skill level 1 in Spellcasting
  1521 | D:2      | Reached skill level 1 in Conjurations
  1521 | D:2      | Reached skill level 1 in Hexes
  1521 | D:2      | Reached skill level 1 in Charms
  1521 | D:2      | Reached skill level 1 in Summonings
  1521 | D:2      | Reached skill level 1 in Necromancy
  1521 | D:2      | Reached skill level 1 in Translocations
  1521 | D:2      | Reached skill level 1 in Transmutations
  1521 | D:2      | Reached skill level 1 in Fire Magic
  1521 | D:2      | Reached skill level 1 in Ice Magic
  1521 | D:2      | Reached skill level 1 in Air Magic
  1521 | D:2      | Reached skill level 1 in Earth Magic
  1521 | D:2      | Reached skill level 1 in Poison Magic
  1521 | D:2      | Reached skill level 1 in Evocations
  1521 | D:2      | Reached XP level 4. HP: 7/41 MP: 4/6
  1521 | D:2      | Reached XP level 5. HP: 8/47 MP: 4/7
  2092 | D:3      | Reached XP level 6. HP: 53/53 MP: 8/8
  2111 | D:3      | Reached skill level 2 in Invocations
  2170 | D:3      | Noticed an orc warrior
  2198 | D:3      | HP: 8/53 [orc warrior/trident (8)]
  2202 | D:3      | Killed an orc warrior
  2202 | D:3      | Reached skill level 2 in Short Blades
  2202 | D:3      | Reached skill level 2 in Long Blades
  2202 | D:3      | Reached skill level 2 in Axes
  2202 | D:3      | Reached skill level 5 in Maces & Flails
  2202 | D:3      | Reached skill level 2 in Polearms
  2202 | D:3      | Reached skill level 2 in Staves
  2202 | D:3      | Reached skill level 2 in Slings
  2202 | D:3      | Reached skill level 2 in Bows
  2202 | D:3      | Reached skill level 2 in Crossbows
  2202 | D:3      | Reached skill level 2 in Throwing
  2202 | D:3      | Reached skill level 2 in Dodging
  2202 | D:3      | Reached skill level 2 in Stealth
  2202 | D:3      | Reached skill level 2 in Unarmed Combat
  2202 | D:3      | Reached skill level 2 in Spellcasting
  2202 | D:3      | Reached skill level 2 in Evocations
  2380 | D:3      | HP: 10/53 [orc priest/divine providence (10)]
  2382 | D:3      | HP: 4/53 [orc priest/falchion (7)]
  2388 | D:3      | HP: 9/53 [orc priest/falchion (5)]
  2558 | D:3      | Noticed Grinder
  2568 | D:3      | Gained mutation: You evolve. [potion of mutation]
  2568 | D:3      | Gained mutation: You are robust. (+10% HP) [potion of mutation]
  2568 | D:3      | Gained mutation: You have a pair of small horns on your head. [potion of mutation]
  2568 | D:3      | Gained mutation: You are very robust. (+20% HP) [potion of mutation]
  2576 | D:3      | Paralysed by Grinder for 6 turns
  2590 | D:3      | Killed Grinder
  2590 | D:3      | Reached skill level 7 in Fighting
  2590 | D:3      | Reached skill level 7 in Armour
  2590 | D:3      | Reached skill level 7 in Shields
  2590 | D:3      | Reached skill level 2 in Conjurations
  2590 | D:3      | Reached skill level 2 in Hexes
  2590 | D:3      | Reached skill level 2 in Charms
  2590 | D:3      | Reached skill level 2 in Summonings
  2590 | D:3      | Reached skill level 2 in Necromancy
  2590 | D:3      | Reached skill level 2 in Translocations
  2590 | D:3      | Reached skill level 2 in Transmutations
  2590 | D:3      | Reached skill level 2 in Fire Magic
  2590 | D:3      | Reached skill level 2 in Ice Magic
  2590 | D:3      | Reached skill level 2 in Air Magic
  2590 | D:3      | Reached skill level 2 in Earth Magic
  2590 | D:3      | Reached skill level 2 in Poison Magic
  2590 | D:3      | Reached XP level 7. HP: 34/72 MP: 10/10
  3033 | D:3      | Found a shimmering altar of Xom.
  3221 | D:4      | Found a bloodstained altar of Trog.
  3324 | D:4      | Found a staircase to the Ecumenical Temple.
  3328 | Temple   | Entered the Ecumenical Temple
  3423 | Temple   | Became a worshipper of Ashenzari the Shackled
  3527 | D:4      | Gained mutation: You are extremely robust. (+30% HP) [evolution]
  3543 | D:4      | Reached skill level 3 in Invocations
  3641 | D:4      | Reached XP level 8. HP: 63/87 MP: 12/12
  3780 | D:4      | Reached skill level 3 in Short Blades
  3780 | D:4      | Reached skill level 3 in Long Blades
  3780 | D:4      | Reached skill level 3 in Axes
  3780 | D:4      | Reached skill level 3 in Polearms
  3780 | D:4      | Reached skill level 3 in Staves
  3780 | D:4      | Reached skill level 3 in Slings
  3780 | D:4      | Reached skill level 3 in Bows
  3780 | D:4      | Reached skill level 3 in Crossbows
  3780 | D:4      | Reached skill level 3 in Throwing
  3780 | D:4      | Reached skill level 3 in Dodging
  3780 | D:4      | Reached skill level 3 in Stealth
  3780 | D:4      | Reached skill level 3 in Unarmed Combat
  3780 | D:4      | Reached skill level 3 in Spellcasting
  3780 | D:4      | Reached skill level 3 in Evocations
  3828 | D:4      | Noticed Robin
  3854 | D:4      | Killed Robin
  4174 | D:4      | Found a runed door.
  4302 | D:4      | Noticed Crazy Yiuf
  4311 | D:4      | Killed Crazy Yiuf
  4352 | D:5      | Entered Level 5 of the Dungeon
  4363 | D:5      | Noticed Ratty's ghost (novice CeMo)
  4397 | D:5      | Killed Ratty's ghost
  4397 | D:5      | Reached skill level 3 in Conjurations
  4397 | D:5      | Reached skill level 3 in Hexes
  4397 | D:5      | Reached skill level 3 in Charms
  4397 | D:5      | Reached skill level 3 in Summonings
  4397 | D:5      | Reached skill level 3 in Necromancy
  4397 | D:5      | Reached skill level 3 in Translocations
  4397 | D:5      | Reached skill level 3 in Transmutations
  4397 | D:5      | Reached skill level 3 in Fire Magic
  4397 | D:5      | Reached skill level 3 in Ice Magic
  4397 | D:5      | Reached skill level 3 in Air Magic
  4397 | D:5      | Reached skill level 3 in Earth Magic
  4397 | D:5      | Reached skill level 3 in Poison Magic
  4397 | D:5      | Reached skill level 4 in Invocations
  4504 | D:5      | Reached XP level 9. HP: 66/93 MP: 14/14
  4520 | D:5      | Reached skill level 6 in Maces & Flails
  4543 | D:5      | Gained mutation: Armour fits poorly on your strangely shaped body. [evolution]
  4725 | D:5      | Found Verealac's Antique Weapon Shoppe.
  5056 | D:5      | Noticed Ijyb
  5074 | D:5      | Killed Ijyb
  5245 | D:5      | Reached skill level 4 in Short Blades
  5245 | D:5      | Reached skill level 4 in Long Blades
  5245 | D:5      | Reached skill level 4 in Axes
  5245 | D:5      | Reached skill level 4 in Polearms
  5245 | D:5      | Reached skill level 4 in Staves
  5245 | D:5      | Reached skill level 4 in Slings
  5245 | D:5      | Reached skill level 4 in Bows
  5245 | D:5      | Reached skill level 4 in Crossbows
  5245 | D:5      | Reached skill level 4 in Throwing
  5245 | D:5      | Reached skill level 4 in Dodging
  5245 | D:5      | Reached skill level 4 in Stealth
  5245 | D:5      | Reached skill level 4 in Unarmed Combat
  5245 | D:5      | Reached skill level 4 in Spellcasting
  5245 | D:5      | Reached skill level 4 in Evocations
  5653 | D:6      | Found a glowing drain.
  5657 | Sewer    | Entered a sewer
  5761 | Sewer    | Found a glowing silver altar of Zin.
  6074 | D:6      | Reached * piety under Ashenzari
  6119 | D:6      | Reached skill level 8 in Fighting
  6119 | D:6      | Reached skill level 8 in Armour
  6119 | D:6      | Reached skill level 8 in Shields
  6326 | D:6      | Gained mutation: You rapidly evolve. [evolution]
  6474 | D:6      | Reached skill level 5 in Invocations
  6512 | D:6      | Identified the +5 ring mail "Ajos" {rC- Dex+6}
  6808 | D:7      | Noticed Menkaure
  6814 | D:7      | Killed Menkaure
  6814 | D:7      | Reached XP level 10. HP: 104/104 MP: 14/17
  6885 | D:7      | Reached skill level 4 in Conjurations
  6885 | D:7      | Reached skill level 4 in Hexes
  6885 | D:7      | Reached skill level 4 in Charms
  6885 | D:7      | Reached skill level 4 in Summonings
  6885 | D:7      | Reached skill level 4 in Necromancy
  6885 | D:7      | Reached skill level 4 in Translocations
  6885 | D:7      | Reached skill level 4 in Transmutations
  6885 | D:7      | Reached skill level 4 in Fire Magic
  6885 | D:7      | Reached skill level 4 in Ice Magic
  6885 | D:7      | Reached skill level 4 in Air Magic
  6885 | D:7      | Reached skill level 4 in Earth Magic
  6885 | D:7      | Reached skill level 4 in Poison Magic
  6996 | D:7      | Noticed Prince Ribbit
  7030 | D:7      | Killed Prince Ribbit
  7339 | D:7      | Noticed Pikel
  7358 | D:7      | Killed Pikel
  7358 | D:7      | Reached skill level 5 in Short Blades
  7358 | D:7      | Reached skill level 5 in Long Blades
  7358 | D:7      | Reached skill level 5 in Axes
  7358 | D:7      | Reached skill level 5 in Polearms
  7358 | D:7      | Reached skill level 5 in Staves
  7358 | D:7      | Reached skill level 5 in Slings
  7358 | D:7      | Reached skill level 5 in Bows
  7358 | D:7      | Reached skill level 5 in Crossbows
  7358 | D:7      | Reached skill level 5 in Throwing
  7358 | D:7      | Reached skill level 5 in Dodging
  7358 | D:7      | Reached skill level 5 in Stealth
  7358 | D:7      | Reached skill level 5 in Unarmed Combat
  7358 | D:7      | Reached skill level 5 in Spellcasting
  7358 | D:7      | Reached skill level 5 in Evocations
  7449 | D:7      | Reached skill level 7 in Maces & Flails
  7628 | D:8      | Lost mutation: You have a pair of small horns on your head. [evolution]
  7902 | D:8      | Found Zuept's Jewellery Boutique.
  7958 | D:8      | Learned a level 2 spell: Ensorcelled Hibernation
  8209 | D:8      | Reached skill level 6 in Invocations
  8429 | D:8      | Noticed a kobold demonologist
  8474 | D:8      | Noticed a smoke demon
  8488 | D:8      | Killed a kobold demonologist
  8539 | D:8      | Reached ** piety under Ashenzari
  8608 | D:8      | Reached XP level 11. HP: 113/113 MP: 19/19
  9320 | D:9      | Noticed a lindwurm
  9416 | D:9      | Noticed a lindwurm
  9426 | D:9      | Noticed a lindwurm
  9485 | D:8      | HP: 28/113 [yak (7)]
  9487 | D:8      | Reached skill level 9 in Fighting
  9487 | D:8      | Reached skill level 9 in Armour
  9487 | D:8      | Reached skill level 9 in Shields
  9674 | D:9      | Reached skill level 6 in Short Blades
  9674 | D:9      | Reached skill level 6 in Long Blades
  9674 | D:9      | Reached skill level 6 in Axes
  9674 | D:9      | Reached skill level 6 in Polearms
  9674 | D:9      | Reached skill level 6 in Staves
  9674 | D:9      | Reached skill level 6 in Slings
  9674 | D:9      | Reached skill level 6 in Bows
  9674 | D:9      | Reached skill level 6 in Crossbows
  9674 | D:9      | Reached skill level 6 in Throwing
  9674 | D:9      | Reached skill level 6 in Dodging
  9674 | D:9      | Reached skill level 6 in Stealth
  9674 | D:9      | Reached skill level 6 in Unarmed Combat
  9674 | D:9      | Reached skill level 6 in Spellcasting
  9674 | D:9      | Reached skill level 6 in Evocations
  9740 | D:9      | Reached skill level 5 in Conjurations
  9740 | D:9      | Reached skill level 5 in Hexes
  9740 | D:9      | Reached skill level 5 in Charms
  9740 | D:9      | Reached skill level 5 in Summonings
  9740 | D:9      | Reached skill level 5 in Necromancy
  9740 | D:9      | Reached skill level 5 in Translocations
  9740 | D:9      | Reached skill level 5 in Transmutations
  9740 | D:9      | Reached skill level 5 in Fire Magic
  9740 | D:9      | Reached skill level 5 in Ice Magic
  9740 | D:9      | Reached skill level 5 in Air Magic
  9740 | D:9      | Reached skill level 5 in Earth Magic
  9740 | D:9      | Reached skill level 5 in Poison Magic
 10094 | D:9      | Found a sparkling altar of Nemelex Xobeh.
 10121 | D:9      | Found a hazy altar of Hepliaklqana.
 10311 | D:9      | Noticed a lindwurm
 10324 | D:10     | Entered Level 10 of the Dungeon
 10373 | D:9      | Identified the ring of Vyojih {rElec rC+ MR+ Str+4 Dex+2}
 10415 | D:10     | Gained mutation: Your mind is acute. (Int +2) [evolution]
 10810 | D:10     | Reached skill level 7 in Invocations
 10882 | D:10     | Noticed a red ugly thing
 10971 | D:10     | Reached skill level 8 in Maces & Flails
 11197 | D:10     | Reached *** piety under Ashenzari
 11237 | D:10     | HP: 27/115 [red ugly thing (3)]
 11237 | D:10     | HP: 9/115 [red ugly thing (18)]
 11243 | D:10     | Killed a red ugly thing
 11360 | D:10     | Noticed Gastronok
 11379 | D:10     | Killed Gastronok
 11379 | D:10     | Reached XP level 12. HP: 63/124 MP: 20/22
 11495 | D:10     | Found Xeip's Changing Room.
 11583 | D:10     | Found a staircase to the Orcish Mines.
 11769 | D:10     | Found a staircase to the Lair.
 11950 | Orc:1    | Entered Level 1 of the Orcish Mines
 12135 | Orc:1    | Noticed an orc warlord
 12181 | D:10     | Learned a level 3 spell: Dazzling Spray
 12323 | Lair:1   | Entered Level 1 of the Lair of Beasts
 12715 | Lair:1   | Reached skill level 7 in Short Blades
 12715 | Lair:1   | Reached skill level 7 in Long Blades
 12715 | Lair:1   | Reached skill level 7 in Axes
 12715 | Lair:1   | Reached skill level 7 in Polearms
 12715 | Lair:1   | Reached skill level 7 in Staves
 12715 | Lair:1   | Reached skill level 7 in Slings
 12715 | Lair:1   | Reached skill level 7 in Bows
 12715 | Lair:1   | Reached skill level 7 in Crossbows
 12715 | Lair:1   | Reached skill level 7 in Throwing
 12715 | Lair:1   | Reached skill level 7 in Dodging
 12715 | Lair:1   | Reached skill level 7 in Stealth
 12715 | Lair:1   | Reached skill level 7 in Unarmed Combat
 12715 | Lair:1   | Reached skill level 7 in Spellcasting
 12715 | Lair:1   | Reached skill level 7 in Evocations
 12863 | Lair:1   | Gained mutation: You are resistant to electric shocks. (rElec) [evolution]
 13846 | Lair:2   | Reached skill level 6 in Conjurations
 13846 | Lair:2   | Reached skill level 6 in Hexes
 13846 | Lair:2   | Reached skill level 6 in Charms
 13846 | Lair:2   | Reached skill level 6 in Summonings
 13846 | Lair:2   | Reached skill level 6 in Necromancy
 13846 | Lair:2   | Reached skill level 6 in Translocations
 13846 | Lair:2   | Reached skill level 6 in Transmutations
 13846 | Lair:2   | Reached skill level 6 in Fire Magic
 13846 | Lair:2   | Reached skill level 6 in Ice Magic
 13846 | Lair:2   | Reached skill level 6 in Air Magic
 13846 | Lair:2   | Reached skill level 6 in Earth Magic
 13846 | Lair:2   | Reached skill level 6 in Poison Magic
 14164 | Lair:2   | Found a hole to the Spider Nest.
 14485 | Lair:2   | Reached skill level 8 in Invocations
 14658 | Lair:2   | Reached **** piety under Ashenzari
 14851 | Lair:2   | Noticed Urug
 14899 | Lair:2   | Killed Urug
 15117 | Lair:2   | Reached skill level 10 in Fighting
 15117 | Lair:2   | Reached skill level 10 in Armour
 15117 | Lair:2   | Reached skill level 10 in Shields
 15374 | D:8      | Bought the ring "Paheokic" {rPois rN+ Str+6} for 886 gold pieces
 15650 | Lair:3   | Reached skill level 9 in Maces & Flails
 15787 | Lair:3   | Found a staircase to the Shoals.
 15858 | Lair:2   | Reached XP level 13. HP: 126/133 MP: 13/24
 16399 | Lair:3   | Noticed Rupert
 16414 | Lair:3   | Paralysed by Rupert for 6 turns
 16420 | Lair:3   | Mangled by Rupert

Skill      XL: |  1  2  3  4  5  6  7  8  9 10 11 12 |
---------------+-------------------------------------+-----
Invocations    | 1 2 3 4 5 6 7 8 |  8.7
Short Blades   | 1 2 3 4 5 6 7 |  7.9
Long Blades    | 1 2 3 4 5 6 7 |  7.9
Axes           | 1 2 3 4 5 6 7 |  7.9
Polearms       | 1 2 3 4 5 6 7 |  7.9
Staves         | 1 2 3 4 5 6 7 |  7.9
Slings         | 1 2 3 4 5 6 7 |  7.9
Bows           | 1 2 3 4 5 6 7 |  7.9
Crossbows      | 1 2 3 4 5 6 7 |  7.9
Throwing       | 1 2 3 4 5 6 7 |  7.9
Dodging        | 1 2 3 4 5 6 7 |  7.9
Stealth        | 1 2 3 4 5 6 7 |  7.9
Unarmed Combat | 1 2 3 4 5 6 7 |  7.9
Spellcasting   | 1 2 3 4 5 6 7 |  7.9
Conjurations   | 1 2 3 4 5 6 |  6.6
Hexes          | 1 2 3 4 5 6 |  6.6
Charms         | 1 2 3 4 5 6 |  6.6
Summonings     | 1 2 3 4 5 6 |  6.6
Necromancy     | 1 2 3 4 5 6 |  6.6
Translocations | 1 2 3 4 5 6 |  6.6
Transmutations | 1 2 3 4 5 6 |  6.6
Fire Magic     | 1 2 3 4 5 6 |  6.6
Ice Magic      | 1 2 3 4 5 6 |  6.6
Air Magic      | 1 2 3 4 5 6 |  6.6
Earth Magic    | 1 2 3 4 5 6 |  6.6
Poison Magic   | 1 2 3 4 5 6 |  6.6
Evocations     | 1 2 3 4 5 6 7 |  7.9
Maces & Flails | 5 6 7 8 9 |  9.2
Fighting       | 7 8 9 10 | 10.2
Armour         | 7 8 9 10 | 10.2
Shields        | 7 8 9 10 | 10.2

Action                   |  1- 3 |  4- 6 |  7- 9 | 10-12 | 13-15 || total
-------------------------+-------+-------+-------+-------+-------++-------
Melee: Flail             |    84 |   102 |    95 |       |       ||   281
       Bite              |     8 |    12 |    80 |   352 |    24 ||   476
       Headbutt          |       |     1 |   145 |    48 |       ||   194
       Whip              |       |       |   481 |  2158 |    93 ||  2732
Throw: Tomahawk          |       |       |    23 |    29 |    18 ||    70
 Cast: Corona            |       |       |     1 |    73 |    15 ||    89
       Ensorcelled Hiber |       |       |       |     4 |     1 ||     5
       Dazzling Spray    |       |       |       |    30 |     6 ||    36
Invok: Curse Item        |       |       |     2 |     4 |       ||     6
Evoke: Wand              |       |       |       |     4 |       ||     4
  Use: Scroll            |       |     5 |     3 |     6 |       ||    14
       Potion            |       |     6 |       |     3 |     1 ||    10
 Stab: Sleeping          |       |       |     2 |     6 |       ||     8
       Invisible         |       |       |       |     5 |     8 ||    13
  Eat: Chunk             |     2 |     3 |    15 |    32 |     2 ||    54
       Ration            |       |       |       |     1 |       ||     1
Armor: Scale mail        |    18 |    41 |   126 |   394 |    18 ||   597
Dodge: Dodged            |    14 |    30 |   137 |   625 |    28 ||   834
Block: Shield            |    28 |    49 |   238 |  1024 |    41 ||  1380

Vault maps used:
D:1:      dpeg_arrival_ternary, minivault_23, palyth_stone_intersect,
          minmay_misc_feat_five
D:2:      nicolae_ru_sacrificial_ziggurat, led_sif_pool, first_ration,
          uniq_sigmund
D:3:      lemuel_doored_altar, uniq_grinder
D:4:      old_standard_altar, minmay_temple_entry_trees,
          nicolae_ossuary_entry_giza, uniq_crazy_yiuf_cottage, uniq_robin
D:5:      serial_shops, shop, minmay_misc_feat_alley, minmay_joined_circles,
          uniq_ijyb
D:6:      gup_sewer_entry_spiral
D:7:      uniq_pikel, uniq_prince_ribbit1, uniq_menkaure
D:8:      serial_shops, shop, special_room, hangedman_little_slice_of_home
D:9:      grunt_temple_overflow_open, minmay_lindwurm_lava
D:10:     grunt_lair_entry_orc_guard_hut, hiddenorc2_lemuel,
          nicolae_transmutations_shop, uniq_gastronok
Temple:   eino_temple_rhombus
Lair:2:   nicolae_spider_entry_orb_guardian, st_stairs_7, uniq_urug
Lair:3:   minmay_shoals_entry_beasts, nzn_random_ring, lemuel_fruit_fields,
          lemuel_fruit_tree, uniq_rupert
Orc:1:    minmay_goldmine
Sewer:    sewer_kobolds

Table legend:
 A = Turns spent in this place as a percentage of turns spent in the entire game.
 B = Non-inter-level travel turns spent in this place as a percentage of non-inter-level travel turns spent in the entire game.
 C = Inter-level travel turns spent in this place as a percentage of turns spent in this place.
 D = Turns resting spent in this place as a percentage of non-inter-level travel turns spent in this place.
 E = Turns spent auto-exploring this place as a percentage of non-inter-level travel turns spent in this place.
 F = Non-inter-level travel turns spent in this place divided by the number of levels of this place that you've seen.
                   A       B       C       D       E      F
               +-------+-------+-------+-------+-------+----------------------
         Total | 100.0 | 100.0 |   4.1 |   2.0 |  65.0 | 984.4
       Dungeon |  73.7 |  73.8 |   4.0 |   1.1 |  63.8 | 1161.8
        Temple |   1.0 |   1.0 |   9.1 |   0.0 |  94.7 | 150.0
          Lair |  24.3 |  24.2 |   4.3 |   4.9 |  67.9 | 1271.7
  Orcish Mines |   0.1 |   0.1 |   0.0 |   0.0 |   0.0 |  19.0
         Sewer |   0.9 |   0.9 |   0.0 |   0.0 |  61.1 | 149.0
               +-------+-------+-------+-------+-------+----------------------

Table legend:
 A = Kills in this place as a percentage of kills in entire the game.
 B = Kills by you in this place as a percentage of kills by you in the entire game.
 C = Kills by friends in this place as a percentage of kills by friends in the entire game.
 D = Other kills in this place as a percentage of other kills in the entire game.
 E = Experience gained in this place as a percentage of experience gained in the entire game.
 F = Experience gained in this place divided by the number of levels of this place that you have seen.
                   A       B       C       D       E      F
               +-------+-------+-------+-------+-------+----------------------
         Total | 100.0 | 100.0 |   N/A |   N/A | 100.0 | 2268.5
       Dungeon |  82.7 |  82.7 |   N/A |   N/A |  56.8 | 2059.9
          Lair |  15.1 |  15.1 |   N/A |   N/A |  42.8 | 5172.7
  Orcish Mines |   0.2 |   0.2 |   N/A |   N/A |   0.1 |  40.0
         Sewer |   2.0 |   2.0 |   N/A |   N/A |   0.4 | 139.0
               +-------+-------+-------+-------+-------+----------------------
